 Dungeon Crawl Stone Soup version 0.31.0-11-ge490571c62 (webtiles) character file.

Game seed: 6801947781629280019

54 SallyLai the Shooter (level 3, 0/27 HPs)
             Began as a Human Hunter on Feb 6, 2024.
             Incinerated by a bombardier beetle (5 damage)
             ... with a burning spray
             ... on level 3 of the Dungeon.
             The game lasted 00:04:32 (1440 turns).

SallyLai the Shooter (Human Hunter)                 Turns: 1440, Time: 00:04:32

Health: 0/27       AC:  7    Str: 11    XL:     3   Next: 91%
Magic:  3/3        EV: 12    Int: 11    God:
Gold:   68         SH:  0    Dex: 16    Spells: 2/2 levels left

rFire   . . .        a - +0 shortbow
rCold   . . .        (shield currently unavailable)
rNeg    . . .        c - +1 leather armour
rPois   .            (no helmet)
rElec   .            (no cloak)
rCorr   .            (no gloves)
SInv    .            i - +2 pair of boots
Will    .....        l - amulet of faith
Stlth   +            (no ring)
HPRegen 0.24/turn    (no ring)
MPRegen 0.08/turn

%: faith
@: on fire, glowing
A: explore regen
a: no special abilities


You were on level 3 of the Dungeon.
You visited 1 branch of the dungeon, and saw 3 of its levels.

You collected 68 gold pieces.

Inventory:

Hand Weapons
 a - a +0 shortbow (weapon)
 o - a +2 hand axe of electrocution
Missiles
 n - a boomerang
Armour
 c - a +1 leather armour (worn)
 i - a +2 pair of boots (worn)
Jewellery
 l - an amulet of faith (around neck)
Wands
 m - a wand of roots (3)
Scrolls
 b - a scroll of butterflies
 h - a scroll of silence
 k - a scroll of immolation
Potions
 d - a potion of heal wounds {unknown}
 e - a potion of ambrosia {unknown}
 f - a potion of degeneration {unknown}
 g - 2 potions of invisibility {unknown}
 j - 3 potions of curing {unknown}


   Skills:
 * Level 2.2 Fighting
 * Level 4.8 Ranged Weapons
 * Level 0.1 Throwing
 * Level 1.0 Armour
 * Level 2.2 Dodging
 * Level 1.3 Stealth
 * Level 0.3 Evocations


You had 2 spell levels left.
You didn't know any spells.
Your spell library contained the following spells:

 Spells                   Type           Power      Damage    Failure   Level
 Inner Flame              Hex/Fire       0%         N/A       80%         3
 Irradiate                Conj/Alch      0%         3d11      100%        5
 Ignition                 Fire           0%         3d3       100%        8


Dungeon Overview and Level Annotations

Branches:
Dungeon (3/15)

Altars:


Innate Abilities, Weirdness & Mutations

You regain HP and MP as you explore.


Message History

You shoot an arrow. The arrow hits the bombardier beetle!
The bombardier beetle is severely wounded.
You shoot an arrow.
The arrow hits the bombardier beetle but does no damage.
The bombardier beetle is severely wounded.
The bombardier beetle sprays incendiary fluid at you.
The burning spray hits you.
You are covered in liquid fire!
You shoot an arrow.
The arrow hits the bombardier beetle but does no damage.
The bombardier beetle is severely wounded.
The liquid fire burns you!
The bombardier beetle closely misses you.
You shoot an arrow.
The arrow barely misses the bombardier beetle.
The liquid fire burns you! The bombardier beetle bites you.
You shoot an arrow. The arrow hits the bombardier beetle.
The bombardier beetle is almost dead.
The liquid fire burns you!
You shoot an arrow.
The arrow barely misses the bombardier beetle.
The liquid fire burns you!
* * * LOW HITPOINT WARNING * * *
The bombardier beetle sprays incendiary fluid at you.
The burning spray hits you.
You are even more covered in liquid fire!
You shoot an arrow. The arrow hits the bombardier beetle.
The bombardier beetle is almost dead.
The liquid fire burns you!
* * * LOW HITPOINT WARNING * * *
The bombardier beetle sprays incendiary fluid at you.
The burning spray hits you.
You are even more covered in liquid fire!
Aiming: Fastroot
Press: ? - help, Shift-Dir - straight line, f/p - bombardier beetle
Aim: a bombardier beetle (almost dead)
The roots erupt in riotous growth!
Roots grab the bombardier beetle.
The liquid fire burns you!
You die...

**,***,*,,,,,,,,,,,,,,*
######.# *,*,,,.........,,*
....##.###.****#...<...),,*
....##....,* #........,,*
....##..#*** #.....[..,,*
....##.#* #......,,,,*
....#..# #....,,,,,,*
.##....## #B.#********
..#.....## ####@#*
.........####....#
..............####
............###
..........###
..........#####
..............#
...<......###.# .........##
#.##


You could see a bombardier beetle (rooted).

Vanquished Creatures
  An adder (D:3)
  5 orcs (D:3)
  3 bats
  5 giant cockroaches
  4 hobgoblins
  3 jackals (D:1)
  2 quokkas
  6 ball pythons
  2 frilled lizards
  4 kobolds
  A rat (D:2)
36 creatures vanquished.

Notes
Turn   | Place    | Note
-------+----------+-------------------------------------------
     0 | D:1      | SallyLai the Human Hunter began the quest for the Orb.
     0 | D:1      | Reached XP level 1. HP: 16/16 MP: 1/1
   192 | D:1      | Reached XP level 2. HP: 18/22 MP: 2/2
   847 | D:1      | Reached XP level 3. HP: 27/27 MP: 3/3
   853 | D:1      | Found a faded altar of an unknown god.
  1332 | D:3      | Reached skill level 1 in Armour
  1440 | D:3      | Incinerated by a bombardier beetle

Illustrated notes

Levels and vault maps discovered:
D:1:      dpeg_arrival_pits, layout_basic, hellmonk_ecumenical_altar_blasted,
          minmay_misc_feat_alley
D:2:      layout_rooms
D:3:      layout_rooms

Skill      XL: |  1  2  3 |
---------------+----------+-----
Armour         | 1 |  1.0
Fighting       | |  2.2
Ranged Weapons | |  4.8
Throwing       | |  0.1
Dodging        | |  2.2
Stealth        | |  1.3
Evocations     | |  0.3

Action                     || total
---------------------------++-------
  Melee: Hand axe          ||     4
   Fire: Shortbow          ||   102
  Evoke: Wand              ||     2
    Use: Scroll            ||     6
 Armour: Leather armour    ||    61
  Dodge: Dodged            ||    51
